 Dungeon Crawl Stone Soup version 0.23-a0-350-g6fd5563 (webtiles) character file.

32 iamserjio the Grave Robber (level 3, -6/34 HPs)
             Began as an Octopode Necromancer on Oct 20, 2018.
             Shot with a stone by a goblin (7 damage)
             ... led by Robin
             ... on level 2 of the Dungeon.
             The game lasted 00:03:06 (1959 turns).

iamserjio the Grave Robber (Octopode Necromancer)   Turns: 1959, Time: 00:03:07

Health: -6/34      AC:  1    Str: 13    XL:     3   Next: 27%
Magic:  6/6        EV: 14    Int: 17    God:
Gold:   50         SH:  0    Dex: 12    Spells: 4/6 levels left

rFire    . . .     SeeInvis .   i - +2 whip (flame)
rCold    . . .     Gourm    .   (no shield)
rNeg     . . .     Faith    .   (helmet restricted)
rPois    .         Spirit   .   (no amulet)
rElec    .         Reflect  .   (no ring)
rCorr    .         Harm     .   (no ring)
MR       .....                  (no ring)
Stlth    ..........             (no ring)
HPRegen  0.11/turn              (no ring)
MPRegen  0.10/turn              (no ring)
                                (no ring)
                                (no ring)

@: berserking, very quick
A: almost no armour, stealthy swim, amphibious, 8 rings, constrict 8, camouflage
1, gelatinous body 1
a: no special abilities


You were on level 2 of the Dungeon.
You were near starving.

You visited 1 branch of the dungeon, and saw 2 of its levels.

You collected 50 gold pieces.

Inventory:

Hand Weapons
 e - a +0 club
 i - a +2 whip of flaming (weapon)
Missiles
 f - 7 javelins (quivered)
 g - 95 stones
Jewellery
 h - an uncursed ring of wizardry {unknown}
 j - an uncursed ring of protection from cold {unknown}
 l - an uncursed ring of protection from cold {unknown}
Wands
 m - a wand of polymorph (12)
Scrolls
 a - a scroll of amnesia {unknown}
 c - a scroll of remove curse {unknown}
 k - 3 scrolls of identify {unknown}
 o - a scroll of teleportation {unknown}
Potions
 n - a potion of cancellation {unknown}
Comestibles
 b - 4 rations


   Skills:
 + Level 1.1 Fighting
 * Level 0.4 Maces & Flails
 + Level 2.8 Dodging
 - Level 2.6 Stealth
 - Level 2.0 Spellcasting
 + Level 4.2 Necromancy


You had 4 spell levels left.
You knew the following spells:

 Your Spells              Type           Power        Failure   Level  Hunger
a - Pain                  Necr           ###.         3%          1    #......
b - Animate Skeleton      Necr           N/A          3%          1    #......

Your spell library contained the following spells:

 Spells                   Type           Power        Failure   Level  Hunger
 Vampiric Draining        Necr           ###.......   10%         3    ###....
 Regeneration             Chrm/Necr      #.........   24%         3    ###....
 Animate Dead             Necr           N/A          32%         4    #####..


Dungeon Overview and Level Annotations

Branches:
Dungeon (2/15)

Altars:

Annotations:
D:2 Robin


Innate Abilities, Weirdness & Mutations

You cannot wear most types of armour.
You are very stealthy in the water. (Stealth+)
You are amphibious.
You can wear up to eight rings at the same time.
You can use your tentacles to constrict eight enemies at once.
Your skin changes colour to match your surroundings (Stealth+).
Your rubbery body absorbs attacks. (AC +1, EV +1)


Message History

Robin throws the goblin at you!
* * * LOW HITPOINT WARNING * * *
The goblin unwields a +0 hunting sling.
The goblin wields a +0 club.
The goblin closely misses you. The goblin hits you with a +0 club.
* * * LOW HITPOINT WARNING * * *
Robin throws the goblin at you!
The goblin unwields a +0 hunting sling.
The goblin wields a +0 dagger.
The goblin misses you.
The goblin unwields a +0 club.
The goblin wields a +0 hunting sling.
The goblin shoots a stone.
The stone barely misses you.
The goblin unwields a +0 dagger.
The goblin wields a +0 hunting sling.
The goblin shoots a stone.
The stone hits you.
* * * LOW HITPOINT WARNING * * *
You see here a stone.
It was a potion of berserk rage.
A red film seems to cover your vision as you go berserk!
You feel yourself moving faster!
You feel mighty!
The goblin shoots a stone.
The stone hits you!
You die...

# #.####### ..
....###.#.....# .#
#.......#.....########.#
#.######....<........#.#
#.######.......#####.#.#
#......#.......#####.#.#
####........#..##......#
##.#.#.####g.##.##.###
#....(<..@..g##.##.#
#..#.##.####.......#
#...[.........#.####
#.........###.#.#
#...##....#.....#
#...........#g###
#.........###(# #.###.##
###.####...((g# #..... .
#......g.g..# #..##.##


You could see 2 goblins.

Vanquished Creatures
  An adder (D:2)
  2 dart slugs (D:1)
  A leopard gecko (D:1)
  4 bats (D:1)
  3 goblins (D:1)
  3 hobgoblins
  4 kobolds (D:1)
  A rat (D:1)
19 creatures vanquished.

Notes
Turn   | Place    | Note
-------+----------+-------------------------------------------
     0 | D:1      | iamserjio the Octopode Necromancer began the quest for the
                  | Orb.
     0 | D:1      | Reached XP level 1. HP: 11/11 MP: 3/3
   226 | D:1      | Reached XP level 2. HP: 15/18 MP: 0/5
  1189 | D:1      | Reached skill level 1 in Fighting
  1357 | D:1      | Learned a level 1 spell: Animate Skeleton
  1393 | D:2      | Reached XP level 3. HP: 23/23 MP: 4/6
  1942 | D:2      | Noticed Robin
  1958 | D:2      | HP: 1/23 [goblin/stone[Robin] (1)]
  1959 | D:2      | Shot with a stone by a goblin

Vault maps used:
D:1:      eino_arrival_water_star, minmay_misc_feat_five, minmay_split_cup_small
D:2:      minivault_5, uniq_robin

Skill      XL: |  1  2 |
---------------+-------+-----
Fighting       | 1 |  1.1
Maces & Flails | |  0.4
Dodging        | |  2.8
Stealth        | |  2.6
Spellcasting   | |  2.0
Necromancy     | |  4.2

Action                   || total
-------------------------++-------
Melee: Constrict         ||     8
       Unarmed           ||     1
       Club              ||    10
       Tentacles         ||     3
       Whip              ||     6
 Cast: Pain              ||    37
  Use: Potion            ||     1
  Eat: Chunk             ||     2
Armor: Skin              ||     1
Dodge: Dodged            ||    23

Table legend:
 A = Non-vault XP
 B = Vault XP
 C = Vault XP percentage of total XP
 D = Non-vault monster count
 E = Vault monster count
 F = Vault count percentage of total count
                 A         B        C        D         E       F
            +---------+---------+-------+---------+---------+-------
      Total |      42 |       5 |  10.6 |      16 |       3 |  15.8
            +---------+---------+-------+---------+---------+-------
        D:1 |      27 |       5 |  15.6 |      14 |       3 |  17.6
        D:2 |      15 |       0 |   0.0 |       2 |       0 |   0.0
            +---------+---------+-------+---------+---------+-------
